 Dungeon Crawl Stone Soup version 0.31.0-11-ge490571c62 (webtiles) character file.

Game seed: 8969061065974960978

119 qw the Skirmisher (level 4, -1/25 HPs)
             Began as a Deep Elf Hunter on Feb 3, 2024.
             Slain by a cerulean imp
             ... wielding a +1 spear
             ... summoned by Natasha
              (5 damage)
             ... on level 3 of the Dungeon.
             The game lasted 00:00:07 (1747 turns).

qw the Skirmisher (Deep Elf Hunter)                 Turns: 1747, Time: 00:00:08

Health: -1/25      AC:  6    Str: 10    XL:     4   Next: 73%
Magic:  6/6        EV: 11    Int: 14    God:
Gold:   64         SH:  0    Dex: 18    Spells: 3/3 levels left

rFire   . . .        a - +2 shortbow
rCold   + . .        (shield currently unavailable)
rNeg    . . .        i - +0 ring mail
rPois   .            (no helmet)
rElec   .            m - +0 cloak
rCorr   .            (no gloves)
SInv    .            (no boots)
Will    .....        (no amulet)
Stlth   +            k - ring of protection from cold
HPRegen 0.24/turn    (no ring)
MPRegen 0.10/turn

%: no passive effects
@: about to teleport
A: no striking features
a: no special abilities


You were on level 3 of the Dungeon.
You visited 1 branch of the dungeon, and saw 3 of its levels.

You collected 64 gold pieces.


   Skills:
 - Level 1.5 Fighting
 + Level 8.1 Ranged Weapons
 - Level 2.4 Dodging
 - Level 1.2 Stealth


You had 3 spell levels left.
You didn't know any spells.
Your spell library was empty.

Inventory:

Hand Weapons
 a - a +2 shortbow (weapon)
Armour
 d - the +0 leather armour of Heresy {Rampage rElec rF- rC- rN+++}
   (You found it on level 3 of the Dungeon)

   rF-:       It makes you vulnerable to fire.
   rC-:       It makes you vulnerable to cold.
   rElec:     It insulates you from electricity.
   rN+++:     It renders you almost immune to negative energy.
   Rampage:   It bestows one free step when moving towards enemies.
 i - a +0 ring mail (worn)
 m - a +0 cloak (worn)
Jewellery
 k - a ring of protection from cold (left hand)
Wands
 b - a wand of paralysis (10)
Scrolls
 c - a scroll of teleportation
Potions
 e - 3 potions of heal wounds
 g - a potion of enlightenment
 l - a potion of mutation {unknown}

Dungeon Overview and Level Annotations

Branches:
Dungeon (3/15)

Altars:

Annotations:
D:3 Natasha


Message History

Natasha mumbles some strange words.
You shoot an arrow. The arrow hits the cerulean imp.
The cerulean imp is lightly wounded.
Natasha mumbles some strange words.
The cerulean imp hits you with a +1 spear.
Enter note:
Enter note: You shoot an arrow.
The arrow hits the cerulean imp.
The cerulean imp is heavily wounded.
The cerulean imp hits you with a +1 spear.
You shoot an arrow.
The arrow barely misses the cerulean imp.
Natasha casts a spell.
The cerulean imp hits you from afar with a +1 spear.
The cerulean imp hits you but does no damage.
Natasha claws you!
Enter note:
Enter note:
1744 ||| RETREEEEATING.
The cerulean imp barely misses you.
The cerulean imp hits you from afar with a +0 spear.
Natasha casts a spell at you. The magic dart hits you.
Enter note:
Enter note:
Enter note:
Enter note:
1745 ||| RETREEEEATING.
The cerulean imp closely misses you. The cerulean imp barely misses you.
Enter note:
Enter note:
1746 ||| RETREEEEATING.
The cerulean imp hits you but does no damage.
The cerulean imp hits you from afar with a +0 spear.
1747 ||| READING 2 scrolls of teleportation.
As you read the scroll of teleportation, it crumbles to dust.
You feel strangely unstable.
The cerulean imp hits you but does no damage.
The cerulean imp hits you from afar with a +1 spear.
You die...

#......#..##.#........#.#
######.#..##.#..##.###.## #
#.#...........# ### #
#.#######...### # #.# #...#
######.# #...#
#......#######...#####
#.#......#........5..####..
..#.............@.5h.......
#.#.##.#.#........5..#.#
#.#.#..#.###.#...#.###
#......#.# #..)....#
....#.##.###.#)..#.#
.[.......##......#.#
....#.#####........#
......)...#...####.#
###<#####.##.......#


You could see Natasha and 3 cerulean imps.

Vanquished Creatures
  Terence (D:2)
  Ijyb (D:3)
  An adder (D:3)
  2 ribbon worms
  6 orcs (D:3)
  4 bats
  5 endoplasms
  2 giant cockroaches
  2 goblins
  8 hobgoblins
  2 quokkas
  5 ball pythons
  2 frilled lizards
  5 kobolds
  3 rats
49 creatures vanquished.

Notes
Turn   | Place    | Note
-------+----------+-------------------------------------------
     0 | D:1      | qw the Deep Elf Hunter began the quest for the Orb.
     0 | D:1      | Reached XP level 1. HP: 12/12 MP: 3/3
     0 | D:1      | 0 ||| qw: Version: 0.3-a-158-g18b3111
     0 | D:1      | 0 ||| qw: Game counter: 4213
     0 | D:1      | 0 ||| qw: Melee chars always use a shield: true
     0 | D:1      | 0 ||| qw: God list: Okawaru
     0 | D:1      | 0 ||| qw: Allow faded altars: false
     0 | D:1      | 0 ||| qw: Do Orc after clearing Dungeon:15 true
     0 | D:1      | 0 ||| qw: Do second Lair branch before Depths: true
     0 | D:1      | 0 ||| qw: Lair rune preference: random
     0 | D:1      | 0 ||| qw: Goals: Normal
     0 | D:1      | 0 ||| PLANNING D:1-11
   270 | D:1      | Reached skill level 6 in Ranged Weapons
   270 | D:1      | Reached XP level 2. HP: 16/16 MP: 4/4
   659 | D:1      | 659 ||| UPGRADING to +0 ring mail.
   669 | D:1      | 669 ||| DROPPING +0 leather armour.
   670 | D:1      | 670 ||| READING 2 scrolls labelled UNGIMI VUSCHU.
   674 | D:1      | 674 ||| READING scroll labelled UFYRUG AGAZA.
   674 | D:1      | 674 ||| IDENTIFYING viscous yellow potion
   675 | D:1      | 675 ||| READING scroll labelled NOAQETO VANITS.
   676 | D:1      | 676 ||| READING scroll labelled HOASOL AGYMM.
   677 | D:1      | 677 ||| DRINKING 3 sapphire potions.
   678 | D:1      | 678 ||| DROPPING scroll of butterflies.
   722 | D:2      | Identified the +0 robe of the Good {*Slow Str+3 Int+3}
   890 | D:2      | Reached XP level 3. HP: 20/20 MP: 5/5
   892 | D:2      | Noticed Terence
   903 | D:2      | HP: 5/20 [Terence/+0 hand axe (4)]
   904 | D:2      | 904 ||| READING scroll of teleportation.
   905 | D:2      | 905 ||| DRINKING 2 potions of heal wounds.
   908 | D:2      | Killed Terence
   909 | D:2      | Reached skill level 7 in Ranged Weapons
  1163 | D:2      | 1163 ||| DROPPING +0 robe of the Good {*Slow Str+3 Int+3}.
  1164 | D:2      | 1164 ||| UPGRADING to +0 cloak.
  1169 | D:2      | 1169 ||| UPGRADING to ring of protection from cold.
  1170 | D:2      | 1170 ||| READING scroll of identify.
  1170 | D:2      | 1170 ||| IDENTIFYING glowing silvery potion
  1171 | D:2      | 1171 ||| READING scroll labelled ETUAPI ZUNISE.
  1171 | D:2      | 1171 ||| ENCHANTING +0 shortbow.
  1172 | D:2      | 1172 ||| READING scroll labelled HIL PEELAEXAUL.
  1173 | D:2      | 1173 ||| DRINKING 3 bubbling dark potions.
  1174 | D:2      | 1174 ||| DROPPING potion of ambrosia.
  1175 | D:2      | 1175 ||| DROPPING 2 potions of invisibility.
  1282 | D:3      | Reached XP level 4. HP: 25/25 MP: 6/6
  1301 | D:3      | Noticed Ijyb
  1304 | D:3      | Paralysed by Ijyb for 2 turns
  1315 | D:3      | Killed Ijyb
  1398 | D:3      | 1398 ||| READING scroll of enchant weapon.
  1398 | D:3      | 1398 ||| ENCHANTING +1 shortbow.
  1453 | D:3      | Identified the +0 leather armour of Heresy {Rampage rElec
                  | rF- rC- rN+++}
  1590 | D:3      | Reached skill level 8 in Ranged Weapons
  1737 | D:3      | Noticed Natasha
  1744 | D:3      | 1744 ||| RETREEEEATING.
  1745 | D:3      | 1745 ||| RETREEEEATING.
  1746 | D:3      | 1746 ||| RETREEEEATING.
  1746 | D:3      | HP: 4/25 [cerulean imp/+0 spear[Natasha] (5)]
  1747 | D:3      | 1747 ||| READING 2 scrolls of teleportation.
  1747 | D:3      | Slain by a cerulean imp

Levels and vault maps discovered:
D:1:      eino_arrival_water_star, layout_loops_ring, hangedman_decor_push,
          minmay_crystal_room
D:2:      layout_rooms, uniq_terence
D:3:      layout_loops_cross, serial_park_tiny_2, corexii_leaking_fountain,
          uniq_ijyb, uniq_natasha

Skill      XL: |  1  2  3  4 |
---------------+-------------+-----
Ranged Weapons | 6 7 8 |  8.1
Fighting       | |  1.5
Dodging        | |  2.4
Stealth        | |  1.2

Action                     |  1- 3 |  4- 6 || total
---------------------------+-------+-------++-------
   Fire: Shortbow          |    93 |    47 ||   140
    Use: Scroll            |     8 |     2 ||    10
         Potion            |     3 |       ||     3
 Armour: Ring mail         |    16 |    29 ||    45
  Dodge: Dodged            |    14 |    12 ||    26

Table legend:
 A = Non-vault XP
 B = Vault XP
 C = Vault XP percentage of total XP
 D = Non-vault monster count
 E = Vault monster count
 F = Vault count percentage of total count
                 A         B        C        D         E       F
            +---------+---------+-------+---------+---------+-------
      Total |      99 |      71 |  41.8 |      47 |       2 |   4.1
            +---------+---------+-------+---------+---------+-------
        D:1 |      27 |       0 |   0.0 |      15 |       0 |   0.0
        D:2 |      23 |      36 |  61.0 |      15 |       1 |   6.2
        D:3 |      49 |      35 |  41.7 |      17 |       1 |   5.6
            +---------+---------+-------+---------+---------+-------
